 Dungeon Crawl Stone Soup version 0.30.2 (webtiles) character file.

Game seed: 17302187915605014632

70 porpoise the Shooter (level 4, 0/27 HPs)
             Began as a Tengu Hunter on Mar 2, 2024.
             Slain by a gnoll
             ... wielding a +0 flail
              (7 damage)
             ... on level 2 of the Dungeon.
             The game lasted 00:02:33 (720 turns).

porpoise the Shooter (Tengu Hunter)                  Turns: 720, Time: 00:02:34

Health: 0/27       AC:  3    Str: 12    XL:     4   Next: 21%
Magic:  5/5        EV: 12    Int:  9    God:
Gold:   58         SH:  0    Dex: 19    Spells: 3/3 levels left

rFire   . . .        a - +0 shortbow
rCold   . . .        (shield currently unavailable)
rNeg    . . .        c - +0 leather armour
rPois   +            (helmet restricted)
rElec   .            (no cloak)
rCorr   .            (no gloves)
SInv    .            (boots unavailable)
Will    .....        (no amulet)
Stlth   ++           h - ring of poison resistance
HPRegen 0.24/turn    (no ring)
MPRegen 0.09/turn

%: no passive effects
@: no status effects
A: beak, talons 3
a: no special abilities


You were on level 2 of the Dungeon.
You visited 1 branch of the dungeon, and saw 2 of its levels.

You collected 58 gold pieces.

Inventory:

Hand Weapons
 a - a +0 shortbow (weapon)
 b - a +0 trident
Armour
 c - a +0 leather armour (worn)
Jewellery
 h - a ring of poison resistance (left hand)
Scrolls
 d - a scroll of immolation
 e - a scroll of blinking {unknown}
 g - a scroll of fear {unknown}
 i - a scroll of enchant weapon {unknown}
 m - a scroll of identify {unknown}
Potions
 f - a potion of curing {unknown}
 j - 2 potions of flight {unknown}
 k - 2 potions of brilliance {unknown}
 l - a potion of might {unknown}
 n - a potion of attraction {unknown}


   Skills:
 + Level 2.7 Fighting
 * Level 5.3 Ranged Weapons
 - Level 2.1 Dodging
 + Level 2.2 Stealth


You had 3 spell levels left.
You didn't know any spells.
Your spell library contained the following spells:

 Spells                   Type           Power      Damage    Failure   Level
 Sandblast                Erth           0%         2d4       45%         1
 Passwall                 Tmut/Erth      0%         N/A       61%         2
 Stone Arrow              Conj/Erth      0%         3d7       83%         3


Dungeon Overview and Level Annotations

Branches:
Dungeon (2/15)

Altars:

Shops:
D:2 =


Innate Abilities, Weirdness & Mutations

You have a beak for a mouth.
You have claws for feet.


Message History

Your Stealth skill increases to level 2!
You shoot an arrow. The arrow barely misses the gnoll. x2
The gnoll closely misses you.
You shoot an arrow. The arrow hits the gnoll.
The gnoll is severely wounded.
The gnoll hits you with a +0 whip.
The gnoll hits you from afar with a +0 spear.
You shoot an arrow. The arrow hits the gnoll.
The gnoll is severely wounded.
The gnoll hits you with a +0 whip. The gnoll closely misses you.
You shoot an arrow. The arrow hits the gnoll!
You kill the gnoll!
The gnoll closely misses you.
You have reached level 4!
You feel stronger.
You shoot an arrow. The arrow hits the gnoll!
You kill the gnoll!
Unknown command.
You shoot an arrow. The arrow hits the gnoll.
The gnoll is moderately wounded.
The gnoll misses you.
You shoot an arrow. The arrow hits the gnoll.
The gnoll is heavily wounded.
The gnoll closely misses you.
You shoot an arrow. The arrow hits the gnoll.
The gnoll is severely wounded.
The gnoll misses you.
You shoot an arrow.
The arrow hits the gnoll but does no damage.
The gnoll is severely wounded.
The gnoll hits you with a +0 flail. The gnoll hits you with a +0 flail!
* * * LOW HITPOINT WARNING * * *
You are too injured to fight recklessly!
You shoot an arrow. The arrow barely misses the gnoll.
The gnoll barely misses you.
You shoot an arrow. The arrow closely misses the gnoll.
The gnoll closely misses you.
You shoot an arrow. The arrow closely misses the gnoll.
The gnoll hits you with a +0 flail!
You die...

.........#.......
.........#..........
######.###.........
#..##.........
##...#######.#
###.........#
#..######.# ##..##
#..# #...# #@#
#.#.###g# #.#...#)#
# #.###.#.# ..# #.#
#...##g.g.# ..#
##>....g..# .#
#####.#### . .. K..


You could see a gnoll.

Vanquished Creatures
  3 gnolls (D:2)
  An adder (D:2)
  A worm (D:2)
  2 dart slugs (D:1)
  3 bats
  2 endoplasms
  A giant cockroach (D:1)
  4 goblins
  A hobgoblin (D:1)
  2 kobolds
  6 ball pythons
  A rat (D:1)
27 creatures vanquished.

Notes
Turn   | Place    | Note
-------+----------+-------------------------------------------
     0 | D:1      | porpoise the Tengu Hunter began the quest for the Orb.
     0 | D:1      | Reached XP level 1. HP: 12/12 MP: 2/2
    33 | D:1      | Reached XP level 2. HP: 17/17 MP: 3/3
   480 | D:2      | Reached XP level 3. HP: 22/22 MP: 4/4
   498 | D:2      | Reached skill level 5 in Ranged Weapons
   653 | D:2      | Found Bomiz's Jewellery Boutique.
   713 | D:2      | Reached XP level 4. HP: 16/27 MP: 5/5
   720 | D:2      | Slain by a gnoll

Illustrated notes

Levels and vault maps discovered:
D:1:      nzn_arrival_crosshair, layout_basic, serial_bayou_pond_d,
          wad_floor_pattern_2, kennysheep_nondescript
D:2:      layout_basic, serial_shops, shop, cheibrodos_gnoll_hut

Skill      XL: |  1  2  3 |
---------------+----------+-----
Ranged Weapons | 5 |  5.3
Stealth        | 2 |  2.2
Fighting       | |  2.7
Dodging        | |  2.1

Action                     |  1- 3 |  4- 6 || total
---------------------------+-------+-------++-------
   Fire: Shortbow          |    68 |     8 ||    76
 Armour: Leather armour    |     3 |       ||     3
  Dodge: Dodged            |    10 |     5 ||    15
